 Dungeon Crawl Stone Soup version 0.16.1-4-g8e1b745 (webtiles) character file.

4 Ololoev the Grasshopper (level 1, 0/10 HPs)
             Began as a Spriggan Warper on Mar 27, 2015.
             Was a Follower of Nemelex Xobeh.
             Succumbed to poison (a potion of poison)
             ... on level 4 of the Dungeon.
             The game lasted 00:02:47 (625 turns).

Ololoev the Grasshopper (Spriggan Warper)            Turns: 625, Time: 00:02:47

Health: 0/10       AC:  2    Str:  7    XL:     1   Next: 58%
Magic:  4/4        EV: 18    Int: 14    God:    Nemelex Xobeh [*.....]
Gold:   25         SH:  0    Dex: 15    Spells: 1 memorised, 4 levels left

rFire  . . .     SeeInvis +     a - +0 short sword
rCold  . . .     Clarity  .     b - +0 robe
rNeg   . . .     SustAb   .     (shield restricted)
rPois  .         Gourm    .     (helmet restricted)
rElec  .         Spirit   .     (no cloak)
rCorr  .         Warding  .     (gloves unavailable)
rMut   .         Stasis   .     (boots unavailable)
MR     .....                    (no amulet)
Stlth  +.........               (no ring)
                                (no ring)

@: lethally poisoned (0 -> -18), about to teleport, very slightly contaminated,
very quick, not resistant to hostile enchantments, very unstealthy
A: unfitting armour, see invisible, herbivore 3, speed 3, slow metabolism 2
a: Renounce Religion


You were on level 4 of the Dungeon.
You worshipped Nemelex Xobeh.
Nemelex Xobeh was aware of your devotion.
You were not hungry.

You visited 1 branch of the dungeon, and saw 4 of its levels.

You collected 25 gold pieces.

Notes
Turn   | Place    | Note
--------------------------------------------------------------
     0 | D:1      | Ololoev, the Spriggan Warper, began the quest for the Orb.
     0 | D:1      | Reached XP level 1. HP: 10/10 MP: 4/4
    35 | D:1      | Found a sparkling altar of Nemelex Xobeh.
    47 | D:1      | Became a worshipper of Nemelex Xobeh the Trickster
   183 | D:1      | Received a gift from Nemelex Xobeh
   201 | D:1      | You fall through a shaft!
   250 | D:3      | Found a white marble altar of Elyvilon.
   251 | D:3      | Noticed an orc priest
   541 | D:4      | Noticed an iguana
   562 | D:4      | Noticed Ololoev's ghost (weakling SpWr)
   625 | D:4      | Succumbed to poison (a potion of poison)

Inventory:

Hand weapons
 a - a +0 short sword (weapon)
Missiles
 e - 5 tomahawks of dispersal (quivered)
Armour
 b - a +0 robe (worn)
Books
 c - a book of Spatial Translocations

   Spells                             Type                      Level
   a - Apportation                    Translocation                1
   b - Blink                          Translocation                2
   c - Shroud of Golubria             Charms/Translocation         2
   d - Portal Projectile              Translocation                3
   e - Teleport Other                 Translocation                3
   f - Passage of Golubria            Translocation                4
Comestibles
 f - 2 bread rations

Table legend:
 A = Turns spent in this place as a percentage of turns spent in the entire game.
 B = Non-inter-level travel turns spent in this place as a percentage of non-inter-level travel turns spent in the entire game.
 C = Inter-level travel turns spent in this place as a percentage of turns spent in this place.
 D = Turns resting spent in this place as a percentage of non-inter-level travel turns spent in this place.
 E = Turns spent auto-exploring this place as a percentage of non-inter-level travel turns spent in this place.
 F = Non-inter-level travel turns spent in this place divided by the number of levels of this place that you've seen.
                   A       B       C       D       E      F
               +-------+-------+-------+-------+-------+----------------------
         Total | 100.0 | 100.0 |   0.0 |   0.8 |   3.6 |  89.5
       Dungeon | 100.0 | 100.0 |   0.0 |   0.8 |   3.6 |  89.5
               +-------+-------+-------+-------+-------+----------------------


   Skills:
 - Level 1.5 Fighting
 + Level 2.5 Short Blades
 - Level 1.1 Throwing
 - Level 0.6 Armour
 + Level 3.3 Dodging
 - Level 2.6 Spellcasting
 - Level 4.4 Translocations


You had 4 spell levels left.
You knew the following spells:

 Your Spells              Type           Power        Failure   Level  Hunger
a - Apportation           Tloc           ##........   3%          1    #......


Dungeon Overview and Level Annotations

Branches:
Dungeon (4/15)
 Temple: D:4-7

Altars:
Elyvilon
Nemelex Xobeh

Annotations:
D:4 Ololoev's ghost, weakling SpWr


Innate Abilities, Weirdness & Mutations

You are tiny and cannot use many weapons and most armour.
You have supernaturally acute eyesight.
You are a herbivore.
You cover ground extremely quickly.
You need consume almost no food.


Message History

You see here a scroll labeled MNIYJU PRUUM.
i - a scroll labeled MNIYJU PRUUM A rat comes into view.
The rat twitches its whiskers.
You hit the rat but do no damage. The rat barely misses you.
You barely miss the rat. The rat completely misses you.
You hit the rat but do no damage. The rat bites you but does no damage.
You closely miss the rat.
Ololoev's ghost hits you but does no damage.
The rat misses you.
You closely miss the rat. Ololoev's ghost hits you.
Ouch! That really hurt!
Ololoev's ghost hits you.
You aren't carrying any items that can be evoked.
Read which item? (? for menu, Esc to quit)
Blink to where?
Press: ? - help, Dir - move target cursor You are very lightly contaminated with residual magic.
As you read the scroll of blinking, it crumbles to dust.
Found 11 gold pieces.
Ololoev's ghost keens inconsolably.
Ololoev's ghost struggles to pull you closer.
Found a scroll labeled WUBRUOPL IKKANAJO.
Read which item? (? for menu, Esc to quit)
As you read the scroll labeled MNIYJU PRUUM, it crumbles to dust.
You feel strangely unstable.
It was a scroll of teleportation.
Ololoev's ghost closely misses you.
Drink which item? (? for menu, Esc to quit)
It was a potion of poison.
That liquid tasted very nasty...
You are lethally poisoned!
You feel sick. Ololoev's ghost barely misses you.
You aren't carrying any potions.
You aren't carrying any items that can be evoked.
Read which item? (? for menu, Esc to quit)
As you read the scroll labeled WUBRUOPL IKKANAJO, it crumbles to dust.
You feel blessed for a moment.
It was a scroll of remove curse.
You feel sick. Ololoev's ghost misses you.
You die...
Your body disappears without a glow.

#.## ##ยง###
##..## .
...####$.
###.......#
##.........#
..........#
###...#####
#### ##W##
##.@# #.#
#.W## #.#
#.## #.# #.#
#.## #.#
#..## #.#
#...## #.#
#..W.## ##.#
###...#
##.##


You could see Ololoev's ghost.

Table legend:
 A = Kills in this place as a percentage of kills in entire the game.
 B = Kills by you in this place as a percentage of kills by you in the entire game.
 C = Kills by friends in this place as a percentage of kills by friends in the entire game.
 D = Other kills in this place as a percentage of other kills in the entire game.
 E = Experience gained in this place as a percentage of experience gained in the entire game.
 F = Experience gained in this place divided by the number of levels of this place that you have seen.
                   A       B       C       D       E      F
               +-------+-------+-------+-------+-------+----------------------
         Total | 100.0 | 100.0 |  -nan |  -nan | 100.0 |   1.8
       Dungeon | 100.0 | 100.0 |  -nan |  -nan | 100.0 |   1.8
               +-------+-------+-------+-------+-------+----------------------

Vanquished Creatures
  3 giant newts
  2 goblins (D:1)
  2 kobolds
7 creatures vanquished.

Action                   || total
-------------------------++-------
Melee: Short sword       ||    33
Evoke: Deck              ||     4
  Use: Scroll            ||     3
       Potion            ||     1

Vault maps used:
D:1:      minmay_arrival_four_loops, nemelex_xobeh_ov_fountains_minmay
D:2:      first_bread
D:3:      nicolae_dithmenos_shadow_blocks, lemuel_round_altar, elyvilon_altar_5,
          uniq_iyjb, uniq_crazy_yiuf_cottage, uniq_natasha
D:4:      nicolae_ru_great_annihilating_truth, portal_sewer_entry_e
